 Dungeon Sprint DCSS version 0.28-a0-925-gd5e1996cdb (webtiles) character file.

Game seed: 2232204535915860780

693 emperorscorpion the Thaumaturge (level 7, -4/45 HPs)
             Began as a Djinni Air Elementalist on Nov 26, 2021.
             Was a Believer of Makhleb.
             Slain by a centaur warrior (13 damage)
             ... in the Dungeon (Sprint IX: "|||||||||||||||||||||||||||||").
             The game lasted 00:03:13 (543 turns).

emperorscorpion the Thaumaturge (DjAE)               Turns: 543, Time: 00:03:14

Health: -4/45      AC:  6    Str:  7    XL:     7   Next: 96%
Gold:   0          EV: 15    Int: 21    God:    Makhleb [**....] SH:  0 Dex: 14

rFire   + + .      SeeInvis .   i - +2 rapier (venom)
rCold   x . .      Faith    .   (no shield)
rNeg    . . .      Spirit   .   a - +0 robe
rPois   ∞          Reflect  .   k - +0 helmet
rElec   .          Harm     .   j - +0 cloak
rCorr   .          Rampage  .   (no gloves)
Will    .....      NoTele   +   (boots unavailable)
Stlth   +++.......              (no amulet)
HPRegen 0.15/turn               m - +3 ring of intelligence
MPRegen 0.00/turn               n - +2 ring of protection

@: flying, invisible (expiring)
A: sickness immunity, fire resistance 2, cold vulnerability 1, float, innate
caster, hp casting, extra vitality 1
a: Renounce Religion, Minor Destruction


You were in the Dungeon.
You worshipped Makhleb.
Makhleb was pleased with you.
You visited 1 branch

Inventory:

Hand Weapons
 i - a +2 rapier of venom (weapon)
Armour
 a - a +0 robe (worn)
 c - +0 acid dragon scales
 j - a +0 cloak (worn)
 k - a +0 helmet (worn)
 l - a +0 plate armour
Jewellery
 m - a +3 ring of intelligence (left hand)
 n - a +2 ring of protection (right hand)
Wands
 h - a wand of iceblast (7)
Potions
 b - 3 potions of curing
 d - a potion of haste
 e - a potion of berserk rage


   Skills:
 + Level 6.6 Dodging
 + Level 5.9 Stealth
 + Level 10.8 Spellcasting
 * Level 0.6 Invocations
 + Level 1.4 Evocations


You had 11 spell levels left.
You knew the following spells:

 Your Spells              Type           Power      Damage    Failure   Level
a - Shock                 Conj/Air       100%       1d9       1%          1
b - Static Discharge      Conj/Air       54%        N/A       1%          2
c - Swiftness             Air            54%        N/A       1%          3
d - Airstrike             Air            27%        N/A       1%          4
e - Sting                 Tmut/Pois      100%       1d8       1%          1
f - Poisonous Vapours     Pois/Air       100%       N/A       1%          2
g - Spider Form           Tmut/Pois      54%        N/A       1%          3
Your spell library was empty.

Dungeon Overview and Level Annotations

Branches:
Dungeon (1/1)

Altars:
Cheibriados
Dithmenos
Elyvilon
Fedhas
Gozag
Hepliaklqana
Kikubaaqudgha
Makhleb
Nemelex Xobeh
Okawaru
Qazlal
Ru
Sif Muna
Trog
Uskayaw
Vehumet
Wu Jian
Xom
Yredelemnul
Zin
The Shining One
Beogh
Jiyva
Lugonu


Innate Abilities, Weirdness & Mutations

You are immune to sickness and miasma.
You are immune to poison.
Your flesh is very heat resistant. (rF++)
You are vulnerable to cold. (rC-)
You float through the air rather than walking.
You learn spells naturally, not from books.
Your magical power is your life essence.
You have superior vitality. (+4 HP)


Message History

The red ugly thing is moderately wounded.
* * * LOW HITPOINT WARNING * * *
Unknown command.
Unknown command.
Casting: Shock (safe; 1% risk of failure)
Confirm with . or Enter, or press ? or * to list all spells.
Aiming: Shock (safe; 1% risk of failure)
Press: ? - help, Shift-Dir - straight line, f/p - centaur warrior
Aim: a centaur warrior, quivering arrows (heavily wounded, wandering, hasn't noticed you, 81% to hit)
The zap hits the centaur warrior.
The centaur warrior is heavily wounded.
The zap misses the acid dragon.
The zap hits the orc wizard!
You kill the orc wizard!
Makhleb accepts your kill.
The zap hits the seven-headed hydra.
The seven-headed hydra is moderately wounded.
The zap hits the red ugly thing.
The red ugly thing is moderately wounded.
* * * LOW HITPOINT WARNING * * *
The centaur warrior misses you. The centaur warrior closely misses you.
Unknown command.
Unknown command.
Casting: Shock (safe; 1% risk of failure)
Confirm with . or Enter, or press ? or * to list all spells.
Aiming: Shock (safe; 1% risk of failure)
Press: ? - help, Shift-Dir - straight line, f/p - centaur warrior
Aim: a centaur warrior, quivering arrows (heavily wounded, 81% to hit)
The zap hits the centaur warrior.
The centaur warrior is heavily wounded.
The zap hits the acid dragon but does no damage.
The acid dragon is heavily wounded.
The zap hits the seven-headed hydra.
The seven-headed hydra is moderately wounded.
The zap hits the red ugly thing!
The red ugly thing is moderately wounded.
* * * LOW HITPOINT WARNING * * *
The acid dragon roars!
You flicker for a moment.
The centaur warrior hits you!
You die...

▓u▓
▓{▓
▓D▓
▓D▓
▓.▓
▓.▓
▓c▓
▓@▓
▓.▓
▓.▓
▓.▓
▓.▓
▓)▓
▓†▓
▓.▓
▓.▓


You could see a seven-headed hydra (wandering), a red ugly thing (wandering), a
centaur warrior and an acid dragon (wandering).

Vanquished Creatures
  A komodo dragon (D)
  A hornet (D)
  An acid dragon (D)
  A hound (D)
  An orc priest (D)
  An iguana (D)
  2 orc wizards (D)
  An adder (D)
  2 dart slugs (D)
  An orc (D)
  2 endoplasms (D)
  A quokka (D)
  A jackal zombie (D)
  A rat (D)
17 creatures vanquished.

Notes
Turn   | Place    | Note
-------+----------+-------------------------------------------
     0 | D        | emperorscorpion the Djinni Air Elementalist began the quest
                  | for the Orb.
     0 | D        | Reached XP level 1. HP: 15/15 MP: 0/0
     6 | D        | Reached skill level 3 in Spellcasting
     7 | D        | Reached XP level 2. HP: 17/21 MP: 0/0
   109 | D        | Reached skill level 5 in Spellcasting
   109 | D        | Reached XP level 3. HP: 19/25 MP: 0/0
   109 | D        | Learned a level 1 spell: Sting
   111 | D        | Reached XP level 4. HP: 21/31 MP: 0/0
   118 | D        | Found a snail-covered altar of Cheibriados.
   118 | D        | Found a shadowy altar of Dithmenos.
   118 | D        | Found a white marble altar of Elyvilon.
   118 | D        | Found a blossoming altar of Fedhas.
   118 | D        | Found an opulent altar of Gozag.
   119 | D        | Found a hazy altar of Hepliaklqana.
   120 | D        | Found a viscous altar of Jiyva.
   122 | D        | Found a corrupted altar of Lugonu.
   123 | D        | Found a burning altar of Makhleb.
   124 | D        | Found a sparkling altar of Nemelex Xobeh.
   125 | D        | Found an iron altar of Okawaru.
   126 | D        | Found a stormy altar of Qazlal.
   127 | D        | Found a sacrificial altar of Ru.
   129 | D        | Found a bloodstained altar of Trog.
   130 | D        | Found a hide-covered altar of Uskayaw.
   131 | D        | Became a worshipper of Makhleb the Destroyer
   133 | D        | Found an ornate altar of the Wu Jian Council.
   134 | D        | Found a shimmering altar of Xom.
   135 | D        | Found a basalt altar of Yredelemnul.
   136 | D        | Found a glowing silver altar of Zin.
   137 | D        | Found a glowing golden altar of the Shining One.
   213 | D        | Noticed an acid dragon
   213 | D        | Noticed a hornet
   213 | D        | Noticed a komodo dragon
   218 | D        | Reached skill level 6 in Spellcasting
   218 | D        | Reached XP level 5. HP: 34/35 MP: 0/0
   218 | D        | Learned a level 2 spell: Poisonous Vapours
   220 | D        | Reached * piety under Makhleb
   243 | D        | Killed a hornet
   244 | D        | Reached skill level 5 in Dodging
   244 | D        | Reached skill level 9 in Spellcasting
   244 | D        | Reached XP level 6. HP: 6/40 MP: 0/0
   247 | D        | Killed a komodo dragon
   248 | D        | Reached skill level 5 in Stealth
   248 | D        | Reached skill level 10 in Spellcasting
   248 | D        | Reached skill level 1 in Evocations
   248 | D        | Reached XP level 7. HP: 13/45 MP: 0/0
   248 | D        | Learned a level 3 spell: Spider Form
   485 | D        | Killed an acid dragon
   485 | D        | Reached ** piety under Makhleb
   533 | D        | Noticed a red ugly thing
   533 | D        | Noticed a seven-headed hydra
   533 | D        | Noticed an acid dragon
   533 | D        | Noticed a centaur warrior
   543 | D        | Slain by a centaur warrior

Illustrated notes

Levels and vault maps discovered:
D:        linesprint [early_d, line_temple, items_1, d_10, items_2, lair_1,
          lair_end, items_3, orc_1, orc_end, items_4, d_15, swamp_1, shoals_1,
          snake_1, spider_1, d_20, vaults_1, items_5, swamp_end, shoals_end,
          snake_end, spider_end, vaults_end, d_27, items_6, zot_1, zot_end,
          crypt_end, forest_end, elf_end, slime_end, tomb_end, abyss_end,
          pan_hell_end]

Skill      XL: |  1  2  3  4  5  6 |
---------------+-------------------+-----
Spellcasting   | 3 5 6 9 10 | 10.8
Stealth        | 2 3 4 5 |  5.9
Dodging        | 3 4 5 6 |  6.6
Evocations     | 1 |  1.4
Invocations    | |  0.6

Action                   |  1- 3 |  4- 6 |  7- 9 || total
-------------------------+-------+-------+-------++-------
Melee: Rapier            |       |     1 |       ||     1
 Cast: Shock             |    13 |    11 |     7 ||    31
       Swiftness         |       |     1 |       ||     1
       Static Discharge  |       |     1 |       ||     1
       Airstrike         |       |     1 |     2 ||     3
Evoke: Wand              |       |     2 |     1 ||     3
  Use: Potion            |       |     4 |     2 ||     6
       Scroll            |       |     2 |       ||     2
 Stab: Sleeping          |       |     1 |       ||     1
Armor: Robe              |     2 |     1 |     2 ||     5
Dodge: Dodged            |     5 |     2 |     7 ||    14

Table legend: (Time is in decaauts)
 A = Elapsed time spent in this place.
 B = Non-inter-level travel time spent in this place.
 C = Inter-level travel time spent in this place.
 D = Time resting spent in this place.
 E = Time spent auto-exploring this place.
 F = Levels seen in this place.
 G = Mean time per level.
                   A        B        C        D        E       F      G
               +--------+--------+--------+--------+--------+-----+--------+
         Total |    541 |    541 |      0 |    349 |     31 |   1 |  541.0 |
       Dungeon |    541 |    541 |      0 |    349 |     31 |   1 |  541.0 |
               +--------+--------+--------+--------+--------+-----+--------+

Top non-repeatable levels by time:
       D: 541 daAuts
